 Dungeon Crawl Stone Soup version 0.30-a0-358-g0d69a1922f (console) character file.

Game seed: 14417438833677990321

987 petzl the Trooper (level 8, -1/67 HPs)
             Began as a Formicid Delver on Nov 10, 2022.
             Was a Follower of Vehumet.
             Shot with an arrow by a centaur warrior (18 damage)
             ... on level 13 of the Dungeon.
             The game lasted 00:20:02 (5360 turns).

petzl the Trooper (Formicid Delver)                 Turns: 5360, Time: 00:20:03

Health: -1/67      AC:  5    Str: 21    XL:     8   Next: 41%
Magic:  16/16      EV: 11    Int: 12    God:    Vehumet [*.....]
Gold:   242        SH:  4    Dex: 15    Spells: 18/18 levels left

rFire   . . .      SeeInvis +    a - +9 sling "Weixaeve" {elec, rC+ Str+4}
rCold   + . .      Faith    .    O - +0 buckler
rNeg    . . .      Spirit   .    i - +0 leather armour
rPois   +          Reflect  .    (helmet unavailable)
rElec   .          Harm     .    P - +0 cloak
rCorr   .          Rampage  .    (no gloves)
Will    .....                    G - +0 pair of boots
Stlth   +++.......               s - amulet of regeneration
HPRegen 1.11/turn                z - ring of poison resistance
MPRegen 0.15/turn                D - ring of wizardry

@: no status effects
A: permanent stasis, dig shafts and tunnels, antennae 3, four strong arms
a: Dig, Shaft Self, Renounce Religion


You were on level 13 of the Dungeon.
You worshipped Vehumet.
Vehumet was aware of your devotion.
You visited 2 branches of the dungeon, and saw 12 of its levels.

You collected 242 gold pieces.

Inventory:

Hand Weapons
 a - the +9 sling "Weixaeve" (weapon) {elec, rC+ Str+4}
   (You found it on level 4 of the Dungeon)

   Any ammunition fired from it occasionally discharges a powerful burst of
   electricity upon striking a foe.
   Str:       It affects your strength (+4).
   rC:        It protects you from cold.
 b - a +0 rapier
 g - a +0 mace
 u - a +2 dagger of venom {!f =f}
 N - the +3 hand axe "Jisoik" {freeze, rC- rN+ Stlth+, !f =f}
   (You found it on level 6 of the Dungeon)

   It freezes those it strikes, dealing additional cold damage.
   It can also slow down cold-blooded creatures.
   rC:        It makes you vulnerable to cold.
   rN:        It protects you from negative energy.
   Stlth:     It makes you more stealthy.
Missiles
 l - 2 throwing nets
 F - 4 javelins
 H - 11 poisoned darts
Armour
 i - a +0 leather armour (worn)
 G - a +0 pair of boots (worn)
 O - a +0 buckler (worn)
 P - a +0 cloak (worn)
Magical Staves
 o - a staff of cold
Jewellery
 s - an amulet of regeneration (around neck)
 z - a ring of poison resistance (left hand)
 B - an amulet of reflection
 D - a ring of wizardry (right hand)
 K - a +6 ring of intelligence
Wands
 f - a wand of digging (9)
 t - a wand of roots (6)
Scrolls
 c - a scroll of fog
 d - 6 scrolls of magic mapping
 e - 2 scrolls of fear
 m - 4 scrolls of noise {unknown}
 q - 7 scrolls of identify {unknown}
 r - 2 scrolls of vulnerability {unknown}
 v - a scroll of brand weapon {unknown}
 x - a scroll of enchant armour {unknown}
 C - 3 scrolls of butterflies {unknown}
 E - 2 scrolls of torment {unknown}
Potions
 h - 3 potions of brilliance {unknown}
 j - a potion of invisibility {unknown}
 k - a potion of attraction {unknown}
 n - 6 potions of heal wounds {unknown}
 p - a potion of lignification {unknown}
 w - a potion of ambrosia {unknown}
 A - a potion of flight {unknown}
 I - 2 potions of magic {unknown}
 J - a potion of mutation {unknown}
 L - a potion of degeneration {unknown}
 M - 2 potions of curing {unknown}


   Skills:
 + Level 7.3 Fighting
 - Level 2.0 Maces & Flails
 - Level 3.0 Ranged Weapons
 - Level 1.7 Dodging
 - Level 6.1 Stealth
 + Level 0.6 Shields
 * Level 5.8 Spellcasting
 + Level 0.4 Ice Magic


You had 18 spell levels left.
You didn't know any spells.
Your spell library contained the following spells:

 Spells                   Type           Power      Damage    Failure   Level
 Sandblast                Erth           6%         2d5       11%         1
 Ensorcelled Hibernation  Hex/Ice        8%         N/A       16%         2
 Passwall                 Tmut/Erth      2%         N/A       16%         2
 Vhi's Electric Charge    Tloc/Air       6%         N/A       32%         3
 Manifold Assault         Tloc           3%         N/A       69%         4
 Silence                  Hex/Air        1%         N/A       95%         5
 Conjure Ball Lightning   Conj/Air       1%         3x3d7     100%        6
 Iron Shot                Conj/Erth      1%         9d1       100%        6
 Storm Form               Tmut/Air       1%         N/A       100%        7
 Blink                    Tloc           Unusable   N/A       N/A         2
 Swiftness                Air            Unusable   N/A       N/A         3

Dungeon Overview and Level Annotations

Branches:
Dungeon (13/15)            Temple (1/1) D:4             Orc (0/2) D:12
   Lair: D:8-11      Vaults: D:13-14

Altars:
Ashenzari
Cheibriados
Dithmenos
Elyvilon
Fedhas
Gozag
Hepliaklqana
Kikubaaqudgha
Makhleb
Nemelex Xobeh
Okawaru
Qazlal
Ru
Sif Muna
Trog
Uskayaw
Vehumet
Wu Jian
Xom
Yredelemnul
Zin
The Shining One

Annotations:
D:3 exclusion: downstairs
D:5 exclusion: downstairs
D:6 exclusion: 2 sensed monsters (detected), Pikel
D:12 exclusion: slime creature
D:13 exclusion: upstairs


Innate Abilities, Weirdness & Mutations

You cannot be hasted, slowed, berserked, paralysed or teleported.
You can dig through walls and to a lower floor.
You have a pair of large antennae on your head. (SInv)
Your four strong arms can wield two-handed weapons with a shield.


Message History

You hear the beating of a very distant drum.
You shoot a sling bullet.
The sling bullet closely misses the troll.
You shoot a sling bullet. The sling bullet hits the troll.
The troll is lightly wounded.
Are you sure you want to shaft yourself?
Okay, then.
Unknown command.
Unknown command.
You hear the loud beating of a very distant drum.
There is a stone staircase leading down here.
You climb downwards.
The deep elf pyromancer shouts!
There is a stone staircase leading up here.
Press: ? - help, v - describe, . - travel A stone staircase leading up.
Placed new exclusion.
Reduced exclusion size to a single square.
Unknown command.
Unknown command.
Found 11 gold pieces and 2 poisoned darts.
A centaur comes into view. x2
The deep elf pyromancer mumbles some strange words.
The deep elf pyromancer blinks!
A centaur comes into view.
A boulder beetle comes into view.
A centaur warrior comes into view.
The centaur warrior shouts!
The centaur shouts!
You hear a shout!
The centaur wields a +0 shortbow.
The centaur shoots an arrow.
The arrow misses you.
The centaur warrior wields a +5 shortbow.
The centaur warrior shoots an arrow.
The arrow hits you!!
The centaur wields a +0 shortbow.
The centaur shoots an arrow.
The arrow closely misses you.
You see here 2 poisoned darts.
Are you sure you want to shaft yourself?
The centaur shoots an arrow.
You block the arrow.
The centaur shoots an arrow.
The arrow hits you.
The centaur warrior shoots an arrow.
The arrow hits you!!
* * * LOW HITPOINT WARNING * * *
You begin to dig a shaft.
You continue digging a shaft.
The centaur warrior shoots an arrow.
The arrow hits you!!
You die...

....##........
.............##.c
..............#..
...............{{
...............#{
.............#
.........{...###
.......<.......#
......###..#....
. ..... ##.# .
#.. .... ###.##
{c.## ...
#....####.c... ..
##.#.e#...c... .
#....@....c#
##....##.##.# {
#......# # {
#..##B##
.........
##....#...
#...##.... ....
...... #...
....... ..
........


You could see a boulder beetle, a centaur warrior, a deep elf pyromancer and 3
centaurs.

Vanquished Creatures
  Sigmund (D:2)
  A black bear (D:5)
  An ogre (D:6)
  A bullfrog (D:6)
  A kobold brigand (D:8)
  2 scorpions
  3 hounds
  An iguana (D:6)
  A statue (D:4)
  9 adders
  5 gnolls
  A white imp (D:6)
  A worm (D:3)
  7 dart slugs
  9 orcs
  10 ball pythons
  6 endoplasms
  14 goblins
  5 hobgoblins
  6 jackals (D:1)
  4 quokkas
  8 bats
  3 frilled lizards
  11 kobolds
  8 rats
119 creatures vanquished.

Vanquished Creatures (others)
  An iguana (D:4)
1 creature vanquished.

Grand Total: 120 creatures vanquished

Notes
Turn   | Place    | Note
-------+----------+-------------------------------------------
     0 | D:5      | petzl the Formicid Delver began the quest for the Orb.
     0 | D:5      | Reached XP level 1. HP: 18/18 MP: 1/1
    42 | D:6      | Noticed an ogre
    98 | D:5      | Noticed a black bear
    98 | D:5      | Noticed a hound
   127 | D:5      | Noticed a scorpion
   175 | D:4      | Identified the +9 sling "Weixaeve" {elec, rC+ Str+4}
   221 | D:4      | Found a staircase to the Ecumenical Temple.
   231 | Temple   | Entered the Ecumenical Temple
   567 | D:4      | Noticed an iguana
   735 | D:3      | Reached XP level 2. HP: 24/24 MP: 2/2
   741 | D:3      | Reached skill level 1 in Ranged Weapons
   745 | D:3      | Reached skill level 1 in Spellcasting
   745 | D:3      | Reached XP level 3. HP: 30/30 MP: 2/4
   848 | D:2      | Reached XP level 4. HP: 37/37 MP: 6/6
   892 | D:3      | Found a faded altar of an unknown god.
  1161 | D:3      | Reached skill level 4 in Fighting
  1522 | D:2      | Reached XP level 5. HP: 42/42 MP: 7/7
  1683 | D:2      | Noticed Sigmund
  1700 | D:2      | Killed Sigmund
  1701 | D:2      | Reached skill level 5 in Fighting
  1701 | D:2      | Reached XP level 6. HP: 43/51 MP: 8/11
  3304 | D:4      | Found a radiant altar of Vehumet.
  3315 | D:4      | Reached XP level 7. HP: 56/56 MP: 12/12
  3320 | D:4      | Became a worshipper of Vehumet
  3972 | D:5      | Reached skill level 6 in Fighting
  4563 | D:6      | Reached skill level 5 in Spellcasting
  4563 | D:6      | Reached XP level 8. HP: 65/65 MP: 15/15
  4634 | D:6      | Identified the +3 hand axe "Jisoik" {freeze, rC- rN+
                  | Stlth+}
  4642 | D:6      | Reached skill level 7 in Fighting
  5048 | D:6      | Noticed Pikel
  5068 | D:6      | You fall into a shaft and drop 2 floors!
  5131 | D:8      | Reached * piety under Vehumet
  5131 | D:8      | Offered knowledge of Sandblast by Vehumet.
  5238 | D:9      | Noticed a yak
  5239 | D:9      | Noticed a yak
  5240 | D:9      | Noticed a yak
  5244 | D:9      | You fall into a shaft and drop 3 floors!
  5246 | D:12     | Got the Disquisition on the Wind and Striking
  5271 | D:12     | Found a staircase to the Orcish Mines.
  5274 | D:12     | Noticed a slime creature
  5290 | D:12     | Noticed a troll
  5347 | D:13     | Noticed a deep elf pyromancer
  5356 | D:13     | Noticed a boulder beetle
  5357 | D:13     | Noticed a centaur warrior
  5360 | D:13     | Shot with an arrow by a centaur warrior

Illustrated notes

Levels and vault maps discovered:
D:1:      matt_arrival_diagonals, layout_basic
D:2:      kennysheep_the_goblin_king, layout_rooms, grunt_ministairs_7,
          minmay_indecisive_spiral, uniq_sigmund
D:3:      layout_basic, ebering_ecumenical_altar_rust
D:4:      layout_loops_cross, vehumet_statue, lemuel_temple_firewalk_b,
          serial_park_tiny_2
D:5:      layout_gridville
D:6:      layout_basic, supply_closet_lemuel, grunt_ministairs_6, uniq_pikel
D:7:      cheibrodos_wizards_tower, layout_basic
D:8:      layout_basic
D:9:      layout_basic, erik_lair_island
D:12:     layout_rooms, orc_0_dummy, gauntlet_entry_generic
D:13:     layout_cave_pools, lightli_vaults_fourway_checkpoint, uniq_sonja
Temple:   mainiacjoe_temple_starburst

Skill      XL: |  1  2  3  4  5  6  7  8 |
---------------+-------------------------+-----
Ranged Weapons | 1 2 3 |  3.0
Spellcasting   | 1 3 5 |  5.8
Fighting       | 4 5 6 7 |  7.3
Maces & Flails | |  2.0
Dodging        | |  1.7
Stealth        | |  6.1
Shields        | |  0.6
Ice Magic      | |  0.4

Action                   |  1- 3 |  4- 6 |  7- 9 || total
-------------------------+-------+-------+-------++-------
Melee: Rapier            |       |       |     4 ||     4
 Fire: Sling             |    22 |   133 |    90 ||   245
 Abil: Shaft Self        |       |       |     3 ||     3
Armor: Leather armour    |       |     5 |     7 ||    12
Dodge: Dodged            |     2 |    13 |    40 ||    55
Block: Buckler           |       |       |     3 ||     3

Table legend: (Time is in decaauts)
 A = Elapsed time spent in this place.
 B = Non-inter-level travel time spent in this place.
 C = Inter-level travel time spent in this place.
 D = Time resting spent in this place.
 E = Time spent auto-exploring this place.
 F = Levels seen in this place.
 G = Mean time per level.
                   A        B        C        D        E       F      G
               +--------+--------+--------+--------+--------+-----+--------+
         Total |   5431 |   4763 |    668 |     56 |   3370 |  12 |  452.6 |
       Dungeon |   5178 |   4566 |    612 |     56 |   3200 |  11 |  470.7 |
        Temple |    252 |    196 |     56 |      0 |    170 |   1 |  252.0 |
               +--------+--------+--------+--------+--------+-----+--------+

Top non-repeatable levels by time:
     D:1: 900 daAuts
     D:6: 862 daAuts
     D:5: 820 daAuts
     D:3: 816 daAuts
     D:2: 744 daAuts
     D:4: 732 daAuts
  Temple: 252 daAuts
    D:12: 103 daAuts
     D:9: 96 daAuts
     D:8: 87 daAuts
    D:13: 12 daAuts
     D:7: 1 daAuts
